 Dungeon Crawl Stone Soup version 0.31-a0-233-g139696dc86 (webtiles) character file.

Game seed: 4325336643273651226

88 qw the Shooter (level 4, -1/26 HPs)
             Began as a Gargoyle Hexslinger on July 8, 2023.
             Slain by Grinder (6 damage)
             ... on level 2 of the Dungeon.
             The game lasted 00:00:42 (1345 turns).

qw the Shooter (Gargoyle Hexslinger)                Turns: 1345, Time: 00:00:43

Health: -1/26      AC: 10    Str: 11    XL:     4   Next: 53%
Magic:  5/5        EV: 10    Int: 14    God:
Gold:   102        SH:  5    Dex: 14    Spells: 4/5 levels left

rFire   . . .        Y - +3 sling
rCold   . . .        (no shield)
rNeg    + + .        e - +0 ring mail
rPois   inf          d - +0 helmet
rElec   +            (no cloak)
rCorr   .            (no gloves)
SInv    .            (no boots)
Will    .....        j - amulet of reflection
Stlth   +            i - ring of positive energy
HPRegen 0.24/turn    (no ring)
MPRegen 0.09/turn

%: reflection
@: about to teleport
A: sickness immunity, AC +3, negative energy resistance 1, electricity
resistance, torment resistance 1, petrification resistance
a: no special abilities


You were on level 2 of the Dungeon.
You visited 1 branch of the dungeon, and saw 3 of its levels.

You collected 102 gold pieces.


Innate Abilities, Weirdness & Mutations

You are immune to sickness and miasma.
Your stone body is resilient. (AC +3)
You are immune to poison.
You resist negative energy. (rN+)
You are resistant to electric shocks. (rElec)
You are resistant to unholy torment.
You are immune to petrification.


   Skills:
 - Level 2.0 Fighting
 + Level 3.7 Ranged Weapons
 - Level 2.0 Armour
 - Level 1.5 Dodging
 - Level 1.0 Spellcasting
 - Level 2.6 Hexes


You had 4 spell levels left.
You knew the following spells:

 Your Spells              Type           Power      Damage    Failure   Level
a - Slow                  Hex            32%        N/A       21%         1

Your spell library contained the following spells:

 Spells                   Type           Power      Damage    Failure   Level
 Inner Flame              Hex/Fire       4%         N/A       71%         3
 Portal Projectile        Hex/Tloc       8%         N/A       71%         3
 Cause Fear               Hex            4%         N/A       90%         4

Inventory:

Hand Weapons
 Y - a +3 sling (weapon)
Armour
 d - a +0 helmet (worn)
 e - a +0 ring mail (worn)
Jewellery
 i - a ring of positive energy (left hand)
 j - an amulet of reflection (around neck)
Potions
 c - a potion of degeneration {unknown}
 f - a potion of enlightenment {unknown}
 g - a potion of resistance {unknown}
 h - a potion of mutation {unknown}
 m - 3 potions of curing

Dungeon Overview and Level Annotations

Branches:
Dungeon (3/15)

Altars:

Annotations:
D:2 Grinder


Message History

You climb upwards.
There is a stone staircase leading down here.
Enter note:
Enter note:
Enter note:
Enter note:
Enter note:
Enter note:
Enter note:
Enter note:
Enter note: You shoot a sling bullet.
The sling bullet barely misses Grinder.
Grinder misses you. The kobold hits you but does no damage.
You shoot a sling bullet. The sling bullet hits Grinder.
Grinder is moderately wounded.
Grinder hits you. You block the kobold's attack.
You shoot a sling bullet.
The sling bullet closely misses Grinder.
Grinder closely misses you. The kobold hits you but does no damage.
Grinder hits you! The kobold closely misses you.
You shoot a sling bullet. The sling bullet barely misses Grinder.
You block Grinder's attack. The kobold misses you.
You shoot a sling bullet. The sling bullet hits Grinder.
Grinder is moderately wounded.
Grinder hits you but does no damage.
The kobold hits you with a +0 short sword.
1343 ||| READING scroll of teleportation.
As you read the scroll of teleportation, it crumbles to dust.
You feel strangely unstable. You block Grinder's attack.
The kobold barely misses you.
You shoot a sling bullet. The sling bullet hits Grinder!
Grinder is heavily wounded.
Grinder drinks a potion.
Grinder is healed!
The kobold hits you but does no damage. You block Grinder's attack.
The kobold hits you but does no damage.
You shoot a sling bullet.
The sling bullet hits Grinder but does no damage.
Grinder is moderately wounded.
Grinder hits you.
You die...

################
##...............
#......##.#######
#................
#................
#................
##................
#.K...............
#@5...............
##................
#................
#......##########
#......# #......#
######## #
############
#...........


You could see Grinder and a kobold.

Vanquished Creatures
  Jessica (D:2)
  A worm (D:2)
  3 bats (D:1)
  4 endoplasms
  3 giant cockroaches (D:2)
  4 goblins
  4 hobgoblins
  4 jackals (D:1)
  4 quokkas
  5 ball pythons
  A frilled lizard (D:1)
  3 kobolds
  21 rats
58 creatures vanquished.

Notes
Turn   | Place    | Note
-------+----------+-------------------------------------------
     0 | D:1      | qw the Gargoyle Hexslinger began the quest for the Orb.
     0 | D:1      | Reached XP level 1. HP: 12/12 MP: 2/2
     0 | D:1      | 0 ||| qw: Version: 0.3-a-46-gb1f654a
     0 | D:1      | 0 ||| qw: Game counter: 3704
     0 | D:1      | 0 ||| qw: Melee chars always use a shield: true
     0 | D:1      | 0 ||| qw: God list: Okawaru
     0 | D:1      | 0 ||| qw: Allow faded altars: false
     0 | D:1      | 0 ||| qw: Do Orc after clearing Dungeon:15 true
     0 | D:1      | 0 ||| qw: Do second Lair branch before Depths: true
     0 | D:1      | 0 ||| qw: Lair rune preference: random
     0 | D:1      | 0 ||| qw: Goals: Normal
     0 | D:1      | 0 ||| PLANNING D:1-11
    92 | D:1      | Reached XP level 2. HP: 16/16 MP: 3/3
   121 | D:1      | Reached skill level 3 in Ranged Weapons
   352 | D:1      | 352 ||| FLEEEEING.
   353 | D:1      | 353 ||| FLEEEEING.
   354 | D:1      | 354 ||| FLEEEEING.
   355 | D:1      | 355 ||| FLEEEEING.
   356 | D:1      | 356 ||| FLEEEEING.
   357 | D:1      | 357 ||| FLEEEEING.
   358 | D:1      | 358 ||| FLEEEEING.
   362 | D:1      | Reached XP level 3. HP: 20/21 MP: 4/4
   779 | D:1      | 779 ||| UPGRADING to +0 helmet.
   784 | D:1      | 784 ||| UPGRADING to +0 ring mail.
   794 | D:1      | 794 ||| DROPPING +0 robe.
   795 | D:1      | 795 ||| UPGRADING to amulet of reflection.
   800 | D:1      | 800 ||| UPGRADING to ring of positive energy.
   801 | D:1      | 801 ||| READING scroll labelled ASAHIJ LUN HIN.
   804 | D:1      | 804 ||| READING scroll labelled NODUIM VEMAIMN.
   805 | D:1      | 805 ||| READING scroll labelled NUUCOBLA NIRA.
   806 | D:1      | 806 ||| DRINKING 2 bubbling red potions.
   807 | D:1      | 807 ||| DRINKING 3 white potions.
   808 | D:1      | 808 ||| DROPPING scroll of poison.
   809 | D:1      | 809 ||| DROPPING potion of attraction.
   878 | D:2      | Noticed Jessica
   886 | D:2      | Killed Jessica
   942 | D:2      | Reached XP level 4. HP: 26/26 MP: 5/5
  1101 | D:2      | 1101 ||| READING scroll of enchant weapon.
  1101 | D:2      | 1101 ||| ENCHANTING +2 sling.
  1285 | D:2      | 1285 ||| READING 2 scrolls labelled YNOICO FAUHY.
  1286 | D:2      | 1286 ||| READING scroll labelled XYGUED NUXTYA.
  1287 | D:2      | 1287 ||| READING scroll labelled HOMUUFY USY.
  1300 | D:2      | 1300 ||| DROPPING scroll of immolation.
  1332 | D:3      | Noticed Grinder
  1336 | D:3      | 1336 ||| STAIRDANCE
  1342 | D:2      | HP: 5/26 [kobold/+0 short sword (4)]
  1343 | D:2      | 1343 ||| READING scroll of teleportation.
  1345 | D:2      | Slain by Grinder

Levels and vault maps discovered:
D:1:      dpeg_arrival_water_temple_mockup, layout_basic
D:2:      layout_basic, minmay_rat_hole, uniq_jessica
D:3:      layout_rooms, lemuel_tele_altar, ebering_ecumenical_altar_petrified,
          serial_shops, shop, nicolae_hexahallways, uniq_sigmund, uniq_grinder

Skill      XL: |  1  2  3 |
---------------+----------+-----
Ranged Weapons | 3 |  3.7
Fighting       | 2 |  2.0
Armour         | 2 |  2.0
Dodging        | |  1.5
Spellcasting   | |  1.0
Hexes          | |  2.6

Action                     |  1- 3 |  4- 6 || total
---------------------------+-------+-------++-------
   Fire: Sling             |    94 |    74 ||   168
    Use: Scroll            |     3 |     5 ||     8
         Potion            |     2 |       ||     2
 Armour: Robe              |    21 |       ||    21
         Ring mail         |     4 |    24 ||    28
  Dodge: Dodged            |    34 |    21 ||    55
  Block: Other             |     2 |    13 ||    15
         Reflection        |       |     1 ||     1

Table legend:
 A = Non-vault XP
 B = Vault XP
 C = Vault XP percentage of total XP
 D = Non-vault monster count
 E = Vault monster count
 F = Vault count percentage of total count
                 A         B        C        D         E       F
            +---------+---------+-------+---------+---------+-------
      Total |      69 |      57 |  45.2 |      38 |      20 |  34.5
            +---------+---------+-------+---------+---------+-------
        D:1 |      40 |       0 |   0.0 |      22 |       0 |   0.0
        D:2 |      29 |      57 |  66.3 |      16 |      20 |  55.6
            +---------+---------+-------+---------+---------+-------
